 Dungeon Crawl Stone Soup version 0.20.0-10-g0535bb4 (webtiles) character file.

1171 MDvedh the Basher (level 8, -1/52 HPs)
             Began as a Formicid Fighter on June 5, 2017.
             Was a Follower of Hepliaklqana.
             Slain by Pikel
             ... wielding a +0 whip of electrocution
              (24 damage)
             ... on level 5 of the Dungeon.
             The game lasted 00:08:51 (5458 turns).

MDvedh the Basher (Formicid Fighter)                Turns: 5458, Time: 00:08:52

Health: -1/52      AC:  7    Str: 23    XL:     8   Next: 68%
Magic:  8/8        EV:  8    Int:  8    God:    Hepliaklqana [*.....]
Gold:   314        SH:  9    Dex: 10    Spells: 7/7 levels left

rFire    . . .     SeeInvis +   a - +1 flail
rCold    + . .     Gourm    .   c - +0 shield
rNeg     . . .     Faith    .   b - +1 scale mail
rPois    .         Spirit   .   (helmet unavailable)
rElec    .         Reflect  .   (no cloak)
rCorr    .         Harm     +   (no gloves)
MR       .....                  (no boots)
Stlth    ..........             j - amulet of harm
Regen    0.2/turn               (no ring)
MPRegen  0.2/turn               (no ring)

@: no status effects
A: permanent stasis, dig shafts and tunnels, four strong arms, reduced essence,
antennae 3, cold resistance 1
a: Dig, Shaft Self, Recall Ancestor, Ancestor Identity, Renounce Religion


You were on level 5 of the Dungeon.
You worshipped Hepliaklqana.
Hepliaklqana was aware of your devotion.
You were not hungry.

You visited 1 branch of the dungeon, and saw 6 of its levels.

You collected 314 gold pieces.

Inventory:

Hand Weapons
 a - a +1 flail (weapon)
Armour
 b - a +1 scale mail (worn)
 c - a +0 shield (worn)
Jewellery
 j - an amulet of harm (around neck)
Scrolls
 e - a scroll of enchant armour
 h - a scroll of fog
Potions
 d - a potion of heal wounds
 i - a potion of flight {unknown}
 x - a potion of brilliance {unknown}
Books
 r - a book of Changes

   Spells                             Type                      Level
   a - Beastly Appendage              Transmutation                1
   b - Sticks to Snakes               Transmutation                2
   c - Spider Form                    Transmutation/Poison         3
   d - Ice Form                       Ice/Transmutation            4
   e - Blade Hands                    Transmutation                5
Comestibles
 f - 5 bread rations
 l - 3 meat rations
 s - 2 fruits
 t - a royal jelly


   Skills:
 - Level 3.2 Fighting
 + Level 9.9 Maces & Flails
 - Level 3.2 Armour
 - Level 3.6 Shields


You had 7 spell levels left.
You didn't know any spells.

Dungeon Overview and Level Annotations

Branches:
Dungeon (6/15)
 Temple: D:4-7

Altars:
Hepliaklqana
Makhleb
Okawaru
Qazlal
Uskayaw
Xom

Annotations:
D:5 Pikel


Innate Abilities, Weirdness & Mutations

You cannot be hasted, slowed, berserked, paralysed or teleported.
You can dig through walls and to a lower floor.
Your four strong arms can wield two-handed weapons with a shield.
You have a pair of large antennae on your head. (SInv)
Your life essence is reduced. (-10% HP)
Your flesh is cold resistant. (rC+)


Message History

Unknown command.
Unknown command.
Unknown command.
You block Pikel's attack.
Nakazator closely misses the slave.
Nakazator hits the slave but does no damage.
You block Pikel's attack.
You barely miss Pikel. You block Pikel's attack.
Nakazator closely misses the slave.
You miss Pikel.
Pikel hits you with a whip of electrocution.
Unknown command.
You closely miss Pikel. Pikel hits you but does no damage.
Nakazator barely misses the slave.
The slave hits you but does no damage. Pikel barely misses you.
Unknown command.
Nakazator hits the slave but does no damage.
The slave hits you.
Pikel hits you with a whip of electrocution!
You are electrocuted!
You die...

#....#####..# #.#.#.#.#.#
.######.....##########.........#
.......^.?...........#.#.#.#.#.#
#####.#.#.#.....##...#.........#
#####.........≈P♣..###.#.#.#.#.#
...#..#.#.#..≈≈≈≈≈.# #.........#
.#.#..........≈≈≈♣.# #.#.#.#.#.#
......#.#.#........# #.........#
.#..#...........@### ###..#.####
...#....#####..K## ##...#
.#.#.#.## ##.pp# #.### ...#.#.#
###..#.##### #.# .#...#.#
#....R>....# #.# ...###.#
#..........# #.# ######.#
#..>.......# #.#
#...###..........# #.##
#####............# #..#


You could see the friendly Nakazator the ancestor, Pikel and 2 slaves.

Vanquished Creatures
  Sigmund (D:2)
  The ghost of newuser the Cutter, an amateur VSFi (D:3)
  A sky beast (D:5)
  A phantom (D:4)
  An ogre (D:4)
  A crimson imp (D:6)
  2 hounds (D:5)
  A jelly (D:5)
  A centaur skeleton (D:4)
  Jessica (D:2)
  A hound zombie (D:5)
  5 adders
  A shadow imp (D:5)
  2 worms
  A dart slug (D:2)
  2 leopard geckos
  7 orcs
  3 ball pythons
  8 bats
  3 giant cockroaches
  6 goblins
  11 hobgoblins
  5 jackals
  A quokka (D:4)
  2 frilled lizards
  A jackal skeleton (D:4)
  9 kobolds
  9 rats
88 creatures vanquished.

Vanquished Creatures (collateral kills)
  2 phantoms (D:4)
  A centaur (D:5)
  A crimson imp (D:5)
  An iguana (D:4)
  An adder (D:2)
  2 adder skeletons
  2 orcs
  A giant cockroach (D:3)
  3 goblins
  A hobgoblin (D:3)
  A bat (D:3)
  A kobold (D:3)
  A quokka skeleton (D:5)
18 creatures vanquished.

Vanquished Creatures (others)
  2 ancestors
2 creatures vanquished.

Grand Total: 108 creatures vanquished

Notes
Turn   | Place    | Note
-------+----------+-------------------------------------------
     0 | D:1      | MDvedh the Formicid Fighter began the quest for the Orb.
     0 | D:1      | Reached XP level 1. HP: 18/18 MP: 1/1
   160 | D:1      | Reached XP level 2. HP: 20/24 MP: 2/2
   235 | D:1      | Reached skill level 3 in Maces & Flails
   348 | D:1      | Reached XP level 3. HP: 29/29 MP: 3/3
   791 | D:2      | Noticed Sigmund
   967 | D:2      | Killed Sigmund
   967 | D:2      | Reached skill level 5 in Maces & Flails
   967 | D:2      | Reached XP level 4. HP: 32/35 MP: 4/4
   967 | D:2      | Reached XP level 5. HP: 38/41 MP: 5/5
   991 | D:2      | Reached XP level 6. HP: 36/47 MP: 6/6
  1122 | D:2      | Found a shimmering altar of Xom.
  1123 | D:2      | Found a hazy altar of Hepliaklqana.
  1123 | D:2      | Noticed a soldier ant
  1124 | D:2      | Noticed a spectral ugly thing
  1124 | D:2      | Noticed a soldier ant
  1228 | D:2      | Became a worshipper of Hepliaklqana the Forgotten
  1411 | D:2      | Reached skill level 6 in Maces & Flails
  1477 | D:2      | Found a stormy altar of Qazlal.
  1525 | D:2      | Noticed Jessica
  1528 | D:2      | Killed Jessica
  2047 | D:3      | Noticed newuser's ghost (amateur VSFi)
  2070 | D:3      | Killed newuser's ghost
  2070 | D:3      | Reached skill level 7 in Maces & Flails
  2070 | D:3      | Reached XP level 7. HP: 12/46 MP: 7/7
  2455 | D:3      | Found an iron altar of Okawaru.
  3025 | D:4      | Reached * piety under Hepliaklqana
  3837 | D:4      | Reached skill level 8 in Maces & Flails
  4380 | D:4      | Reached XP level 8. HP: 30/52 MP: 8/8
  4592 | D:5      | Entered Level 5 of the Dungeon
  4650 | D:5      | Reached skill level 9 in Maces & Flails
  5220 | D:5      | Gained mutation: Your flesh is cold resistant. (rC+) [mutagenic meat]
  5326 | D:5      | Found a hide-covered altar of Uskayaw.
  5385 | D:5      | Found a burning altar of Makhleb.
  5441 | D:6      | Noticed Pikel
  5458 | D:5      | Slain by Pikel

Skill      XL: |  1  2  3  4  5  6  7  8 |
---------------+-------------------------+-----
Maces & Flails | 3 5 7 8 9 |  9.9
Fighting       | |  3.2
Armour         | |  3.2
Shields        | |  3.6

Action                   |  1- 3 |  4- 6 |  7- 9 || total
-------------------------+-------+-------+-------++-------
Melee: Flail             |   106 |    80 |   179 ||   365
Invok: Ancestor Identity |       |     1 |       ||     1
  Use: Potion            |     1 |       |       ||     1
       Scroll            |       |     4 |    12 ||    16
  Eat: Chunk             |       |     3 |     8 ||    11
       Bread ration      |       |       |     1 ||     1
Armor: Scale mail        |    33 |    30 |    52 ||   115
Dodge: Dodged            |    27 |    24 |    49 ||   100
Block: Shield            |    49 |    34 |    78 ||   161
